 Dungeon Crawl Stone Soup version 0.20.0-6-gd3061e9 (webtiles) character file.

309 dvd the Ruffian (level 6, -3/61 HPs)
             Began as a Troll Fighter on May 28, 2017.
             Killed from afar by Ijyb (10 damage)
             ... with a wand of acid (?/15)
             ... on level 3 of the Dungeon.
             The game lasted 00:04:00 (1748 turns).

dvd the Ruffian (Troll Fighter)                     Turns: 1748, Time: 00:04:01

Health: -3/61      AC:  7    Str: 25    XL:     6   Next: 17%
Magic:  5/5        EV:  9    Int:  4    God:
Gold:   42         SH:  9    Dex: 11    Spells: 5/5 levels left

rFire    . . .     SeeInvis .     - Unarmed
rCold    . . .     Gourm    +   b - +0 shield
rNeg     . . .     Faith    .   a - +0 robe
rPois    .         Spirit   .   (helmet restricted)
rElec    .         Reflect  .   p - +1 cloak
rCorr    +         Harm     .   (gloves unavailable)
MR       .....                  (boots unavailable)
Stlth    +.........             o - amulet of regeneration
Regen    1.0/turn               s - ring of resist corrosion
MPRegen  0.1/turn               (no ring)

@: lethally poisoned (-3 -> -3)
A: unfitting armour, claws 3, fast metabolism 3, gourmand, regeneration 1,
shaggy fur 1, tough skin 2
a: no special abilities


You were on level 3 of the Dungeon.
You were very full.

You visited 1 branch of the dungeon, and saw 3 of its levels.

You collected 42 gold pieces.

Inventory:

Armour
 a - a +0 robe (worn)
 b - a +0 shield (worn)
 p - a +1 cloak (worn)
Magical Staves
 w - an uncursed staff of summoning
Jewellery
 o - an amulet of regeneration (around neck)
 s - a ring of resist corrosion (left claw)
Scrolls
 e - a scroll of random uselessness {unknown}
 i - a scroll of enchant weapon {unknown}
 k - 3 scrolls of identify {unknown}
 l - a scroll of fear {unknown}
 q - a scroll of immolation {unknown}
Potions
 c - a potion of might
 f - 2 potions of lignification {unknown}
 g - 2 potions of agility {unknown}
 h - a potion of ambrosia {unknown}
 j - 2 potions of haste {unknown}
 m - a potion of heal wounds {unknown}
 n - a potion of flight {unknown}
 t - a potion of magic {unknown}
 u - 2 potions of curing {unknown}
Comestibles
 d - 3 bread rations
 r - a meat ration
 v - 8 chunks of flesh


   Skills:
 + Level 3.0 Fighting
 + Level 3.3 Dodging
 + Level 0.3 Stealth
 + Level 3.4 Shields
 + Level 4.4 Unarmed Combat


You had 5 spell levels left.
You didn't know any spells.

Dungeon Overview and Level Annotations

Branches:
Dungeon (3/15)

Altars:

Annotations:
D:3 Ijyb


Innate Abilities, Weirdness & Mutations

You are too large for most types of armour.
You have claws for hands.
Your metabolism is lightning-fast.
You like to eat raw meat.
Your natural rate of healing is unusually fast.
You are covered in fur. (AC +1)
You have very tough skin. (AC +2)


Message History

You claw the leopard gecko!
You kill the leopard gecko!
You feel sick.
Ijyb zaps a wand.
The bolt of acid hits you! You resist.
You are splashed with acid!
The acid burns!
You resist.
* * * LOW HITPOINT WARNING * * *
It is a wand of acid (?/15).
Ijyb hits you but does no damage.
You see here a leopard gecko corpse.
You barely miss Ijyb.
Ijyb zaps a wand.
The bolt of acid hits you! You resist.
* * * LOW HITPOINT WARNING * * *
You are splashed with acid!
The acid burns!
You resist.
* * * LOW HITPOINT WARNING * * *
You scratch Ijyb.
Ijyb is moderately wounded.
You feel sick. Ijyb hits you but does no damage.
Unknown command.
You closely miss Ijyb.
Ijyb is moderately wounded.
Ijyb zaps a wand.
The bolt of acid hits you! You resist.
You die...

.##.####.#####.....
......................
.........#.#####.##..
###........#.#####.##..
$.....................
#........#.#####.##..
####........#'#####.##..
#.....).............####
#..)...@.......######
#......g.)....[###
#.................. ####
#..........###.....##.(.
+..........# #.....##.##
#..........# #.....##...
#..........# #.....##.#.
...........# #.....####.
.........# #.....# #.


You could see Ijyb.

Vanquished Creatures
  The ghost of Apogee the Skirmisher, an amateur HOCj (D:3)
  Crazy Yiuf (D:2)
  An orc wizard (D:3)
  2 adders
  2 worms (D:2)
  A dart slug (D:1)
  7 leopard geckos
  9 orcs (D:3)
  9 bats
  3 giant cockroaches
  4 goblins
  8 hobgoblins
  7 jackals (D:1)
  A quokka (D:2)
  A frilled lizard (D:2)
  5 kobolds
  6 rats
68 creatures vanquished.

Notes
Turn   | Place    | Note
-------+----------+-------------------------------------------
     0 | D:1      | dvd the Troll Fighter began the quest for the Orb.
     0 | D:1      | Reached XP level 1. HP: 22/22 MP: 0/0
   134 | D:1      | Reached XP level 2. HP: 26/29 MP: 1/1
   583 | D:1      | Reached XP level 3. HP: 36/36 MP: 2/2
  1102 | D:2      | Reached skill level 3 in Unarmed Combat
  1154 | D:2      | Reached XP level 4. HP: 39/44 MP: 3/3
  1441 | D:2      | Found a runed door.
  1445 | D:2      | Noticed Crazy Yiuf
  1449 | D:2      | Killed Crazy Yiuf
  1621 | D:3      | Reached XP level 5. HP: 45/52 MP: 4/4
  1717 | D:3      | Noticed Apogee's ghost (amateur HOCj)
  1726 | D:3      | Noticed Ijyb
  1735 | D:3      | Killed Apogee's ghost
  1735 | D:3      | Reached skill level 4 in Unarmed Combat
  1735 | D:3      | Reached XP level 6. HP: 28/61 MP: 5/5
  1748 | D:3      | Killed from afar by Ijyb

Skill      XL: |  1  2  3  4  5 |
---------------+----------------+-----
Unarmed Combat | 3 4 |  4.4
Shields        | 3 |  3.4
Fighting       | 3 |  3.0
Dodging        | 3 |  3.3
Stealth        | |  0.3

Action                   |  1- 3 |  4- 6 || total
-------------------------+-------+-------++-------
Melee: Unarmed           |   130 |    67 ||   197
  Eat: Chunk             |    16 |     5 ||    21
Armor: Robe              |    43 |    18 ||    61
Dodge: Dodged            |    50 |    13 ||    63
Block: Shield            |    68 |    25 ||    93
